 Dungeon Crawl Stone Soup version 0.20.0-8-g6b59dc7 (webtiles) character file.

120 RKaid the Conjurer (level 4, 0/25 HPs)
             Began as a Deep Elf Conjurer on May 31, 2017.
             Slain by siprus's ghost (4 damage)
             ... while paralysed by Grinder
             ... on level 3 of the Dungeon.
             The game lasted 00:11:36 (2816 turns).

RKaid the Conjurer (Deep Elf Conjurer)              Turns: 2816, Time: 00:11:36

Health: 0/25       AC:  2    Str:  5    XL:     4   Next: 75%
Magic:  11/12      EV:  2    Int: 26    God:
Gold:   158        SH:  0    Dex: 15    Spells: 1/11 levels left

rFire    . . .     SeeInvis .   l - -1 quarterstaff (curse)
rCold    . . .     Gourm    .   (shield currently unavailable)
rNeg     . . .     Faith    .   a - +0 robe
rPois    .         Spirit   .   (no helmet)
rElec    .         Reflect  .   (no cloak)
rCorr    .         Harm     .   (no gloves)
MR       .....                  (no boots)
Stlth    ++........             (no amulet)
Regen    0.1/turn               (no ring)
MPRegen  0.2/turn               p - +5 ring of intelligence

@: paralysed
A: no striking features
a: no special abilities


You were on level 3 of the Dungeon.
You were hungry.

You visited 1 branch of the dungeon, and saw 3 of its levels.

You collected 158 gold pieces.

Inventory:

Hand Weapons
 e - a +0 short sword
   (You took it off a kobold on level 1 of the Dungeon)
 j - a +0 dagger
   (You took it off a goblin on level 1 of the Dungeon)
 l - a cursed -1 quarterstaff (weapon)
   (You found it on level 2 of the Dungeon)
 v - a +0 hunting sling
   (You found it on level 3 of the Dungeon)
Armour
 a - a +0 robe (worn)
 s - a +1 hat
   (You found it on level 2 of the Dungeon)
 t - a +0 pair of gloves
   (You found it on level 2 of the Dungeon)
Jewellery
 o - a cursed ring of teleportation {unknown}
   (You found it on level 3 of the Dungeon)
 p - a +5 ring of intelligence (right hand)
   (You found it on level 2 of the Dungeon)
Scrolls
 d - a scroll of enchant weapon {unknown}
 i - a scroll of identify
Potions
 f - 4 potions of agility {unknown}
 g - 3 potions of curing
 k - a potion of brilliance {unknown}
 m - a potion of invisibility {unknown}
 n - 2 potions of degeneration {unknown}
 q - 2 potions of lignification {unknown}
Books
 b - a book of Conjurations
Comestibles
 c - 3 bread rations
 h - a meat ration
 u - 3 royal jellies


   Skills:
 + Level 1.1 Fighting
 + Level 2.9 Dodging
 - Level 2.4 Stealth
 - Level 4.0 Spellcasting
 * Level 5.8 Conjurations


You had one spell level left.
You knew the following spells:

 Your Spells              Type           Power        Failure   Level  Hunger
a - Magic Dart            Conj           ####         1%          1    None
b - Searing Ray           Conj           #####.       1%          2    None
c - Dazzling Spray        Conj/Hex       ###...       8%          3    ##.....
d - Iskenderun's Mystic   Conj           #####...     8%          4    ####...


Dungeon Overview and Level Annotations

Branches:
Dungeon (3/15)

Altars:

Annotations:
D:3 Grinder; siprus's ghost, amateur DsAK


Message History

Aiming: Magic Dart
Press: ? - help, Shift-Dir - straight line, f - adder
Aim: an adder (hasn't noticed you)
The magic dart hits the adder.
The adder hisses angrily.
Casting: Magic Dart
Confirm with . or Enter, or press ? or * to list all spells.
Aiming: Magic Dart
Press: ? - help, Shift-Dir - straight line, f/p - adder
Aim: an adder (heavily wounded)
The magic dart hits the adder.
A kobold comes into view. It is wielding a dagger.
Casting: Magic Dart
Confirm with . or Enter, or press ? or * to list all spells.
Aiming: Magic Dart
Press: ? - help, Shift-Dir - straight line, f/p - adder
Aim: an adder (almost dead)
The magic dart hits the adder.
You kill the adder!
The kobold shouts!
Casting: Magic Dart
Confirm with . or Enter, or press ? or * to list all spells.
Aiming: Magic Dart
Press: ? - help, Shift-Dir - straight line, f - kobold
Aim: a kobold, wielding a dagger The magic dart hits the kobold.
Casting: Magic Dart
Confirm with . or Enter, or press ? or * to list all spells.
Aiming: Magic Dart
Press: ? - help, Shift-Dir - straight line, f/p - kobold
Aim: a kobold, wielding a dagger The magic dart hits the kobold.
Casting: Magic Dart
Confirm with . or Enter, or press ? or * to list all spells.
Aiming: Magic Dart
Press: ? - help, Shift-Dir - straight line, f/p - kobold
Aim: a kobold, wielding a dagger (moderately wounded)
The magic dart hits the kobold.
You kill the kobold!
You start resting.
There is a stone staircase leading up here.
There is a stone staircase leading up here.
There is a stone staircase leading down here.
You see here 10 stones.
You now have 158 gold pieces (gained 13).
All of the chunks of flesh in your inventory have rotted away.
o - a garnet ring You see here a hunting sling.
v - a hunting sling
e - 2 scrolls labeled UBUOKUTT QITT (gained 1) Search for what [? for help]? sling A frilled lizard comes into view.
Unknown command.
Casting: Magic Dart
Confirm with . or Enter, or press ? or * to list all spells.
Aiming: Magic Dart
Press: ? - help, Shift-Dir - straight line, f - siprus's ghost
Aim: siprus's ghost (hasn't noticed you)
Okay, then.
You are feeling hungry.
The frilled lizard hisses angrily.
Siprus's ghost turns its malevolent gaze towards you.
Okay, then.
Grinder shouts!
Grinder blinks!
You aren't carrying any items that you can evoke.
Casting: Magic Dart
Confirm with . or Enter, or press ? or * to list all spells.
Aiming: Dazzling Spray
Press: ? - help, Shift-Dir - straight line, f - Grinder
Aim: Grinder The spray of energy hits Grinder.
The spray of energy hits the frilled lizard.
You kill the frilled lizard!
The spray of energy hits siprus's ghost.
Grinder gestures at you. You resist with significant effort.
As you read the scroll labeled UBUOKUTT QITT, it crumbles to dust.
It is a scroll of identify.
g - 3 potions of curing;
i - a scroll of identify;
e - a +0 short sword
Okay, then.
As you read the scroll labeled AZAODGH MAFASHRU, it crumbles to dust.
It is a scroll of amnesia.
Forget which spell ([?*] list [ESC] exit)?
Forget which spell ([?*] list [ESC] exit)?
Okay, then.
Grinder blinks!
The orc shouts!
Grinder gestures at you.
You suddenly lose the ability to move!
Grinder blinks!
Siprus's ghost hits you.
The orc priest casts a cantrip, but nothing happens.
Siprus's ghost hits you!
The orc shouts!
Siprus's ghost hits you.
Grinder blinks!
The orc hits you with a flail!
* * * LOW HITPOINT WARNING * * *
Siprus's ghost hits you.
You die...

....####...######.......####.##
##.......#.# ##..####.# #..#
##...##.# ##...# #>## ##..
#.#..#.####..#.# #(.## ##. #
#.....##.##.# ##..# ##
#.###.......#..# ##.#
#.)...#...###.## #.#
.o..######§W###.# #.# # oS
##.@##.# #.# # #5o#..# #.# #
#.o.<##### #.# #
#####.##.....####.#####
#....o....##....÷......
#.........#######.####.
#....>....# #..# ## #.........#
##.# # #.........# #####.####


You could see Grinder, an orc priest, siprus's ghost and 2 orcs.

Vanquished Creatures
  6 adders
  2 dart slugs
  2 leopard geckos (D:1)
  4 orcs (D:3)
  4 bats
  A giant cockroach (D:2)
  6 goblins
  8 jackals (D:2)
  9 kobolds
  A quokka (D:3)
  4 frilled lizards
  14 rats
61 creatures vanquished.

Notes
Turn   | Place    | Note
-------+----------+-------------------------------------------
     0 | D:1      | RKaid the Deep Elf Conjurer began the quest for the Orb.
     0 | D:1      | Reached XP level 1. HP: 10/10 MP: 6/6
   128 | D:1      | Reached XP level 2. HP: 15/15 MP: 2/8
   937 | D:2      | Reached skill level 5 in Conjurations
   937 | D:2      | Reached XP level 3. HP: 19/19 MP: 2/10
  1067 | D:2      | Learned a level 2 spell: Searing Ray
  1071 | D:2      | Learned a level 3 spell: Dazzling Spray
  1178 | D:2      | Reached skill level 4 in Spellcasting
  1797 | D:2      | Reached XP level 4. HP: 24/24 MP: 8/12
  1843 | D:2      | Learned a level 4 spell: Iskenderun's Mystic Blast
  1890 | D:3      | Noticed siprus's ghost (amateur DsAK)
  2143 | D:3      | Reached skill level 1 in Fighting
  2574 | D:3      | Noticed Grinder
  2811 | D:3      | Paralysed by Grinder for 6 turns
  2816 | D:3      | HP: 4/25 [orc/flail (11)]
  2816 | D:3      | Slain by siprus's ghost

Skill      XL: |  1  2  3  4 |
---------------+-------------+-----
Conjurations   | 5 |  5.8
Spellcasting   | 4 |  4.0
Fighting       | 1 |  1.1
Dodging        | |  2.9
Stealth        | |  2.4

Action                   |  1- 3 |  4- 6 || total
-------------------------+-------+-------++-------
Melee: Quarterstaff      |     4 |     1 ||     5
 Cast: Magic Dart        |    73 |    41 ||   114
       Dazzling Spray    |       |     1 ||     1
  Use: Scroll            |     3 |     2 ||     5
  Eat: Chunk             |     2 |     3 ||     5
Armor: Robe              |     1 |       ||     1
Dodge: Dodged            |    14 |       ||    14

Table legend:
 A = Turns spent in this place as a percentage of turns spent in the entire game.
 B = Non-inter-level travel turns spent in this place as a percentage of non-inter-level travel turns spent in the entire game.
 C = Inter-level travel turns spent in this place as a percentage of turns spent in this place.
 D = Turns resting spent in this place as a percentage of non-inter-level travel turns spent in this place.
 E = Turns spent auto-exploring this place as a percentage of non-inter-level travel turns spent in this place.
 F = Non-inter-level travel turns spent in this place divided by the number of levels of this place that you've seen.
                   A       B       C       D       E      F
               +-------+-------+-------+-------+-------+----------------------
         Total | 100.0 | 100.0 |   1.4 |   6.4 |  13.7 | 192.7
       Dungeon | 100.0 | 100.0 |   1.4 |   6.4 |  13.7 | 192.7
               +-------+-------+-------+-------+-------+----------------------

Table legend:
 A = Kills in this place as a percentage of kills in entire the game.
 B = Kills by you in this place as a percentage of kills by you in the entire game.
 C = Kills by friends in this place as a percentage of kills by friends in the entire game.
 D = Other kills in this place as a percentage of other kills in the entire game.
 E = Experience gained in this place as a percentage of experience gained in the entire game.
 F = Experience gained in this place divided by the number of levels of this place that you have seen.
                   A       B       C       D       E      F
               +-------+-------+-------+-------+-------+----------------------
         Total | 100.0 | 100.0 |  -nan |  -nan | 100.0 |  57.3
       Dungeon | 100.0 | 100.0 |  -nan |  -nan | 100.0 |  57.3
               +-------+-------+-------+-------+-------+----------------------
